 Dungeon Crawl Stone Soup version 0.24.0-13-gcf9b319 (webtiles) character file.

Game seed: 7713509881308044414, levelgen mode: deterministic

65 ClockworkOrrery the Skirmisher (level 4, -1/31 HPs)
             Began as a Gargoyle Fighter on Mar 26, 2020.
             Slain by Natasha (6 damage)
             ... on level 2 of the Dungeon.
             The game lasted 00:03:31 (911 turns).

ClockworkOrrery the Skirmisher (Gargoyle Fighter)    Turns: 911, Time: 00:03:32

Health: -1/31      AC: 10    Str: 19    XL:     4   Next: 14%
Magic:  4/4        EV:  7    Int: 10    God:
Gold:   12         SH:  9    Dex:  9    Spells: 3/3 levels left

rFire    . . .     SeeInvis .   a - +0 flail
rCold    . . .     Gourm    .   c - +0 shield
rNeg     + . .     Faith    .   b - +0 scale mail
rPois    ∞         Spirit   .   (no helmet)
rElec    +         Reflect  .   (no cloak)
rCorr    .         Harm     .   (no gloves)
MR       .....                  (no boots)
Stlth    ..........             (no amulet)
HPRegen  0.10/turn              (no ring)
MPRegen  0.09/turn              (no ring)

@: slowed, very slow
A: negative energy resistance 1, electricity resistance, unbreathing,
petrification resistance, rot immunity, AC +3
a: no special abilities


You were on level 2 of the Dungeon.
You were hungry.

You visited 1 branch of the dungeon, and saw 2 of its levels.

You collected 12 gold pieces.

Inventory:

Hand Weapons
 a - a +0 flail (weapon)
Armour
 b - a +0 scale mail (worn)
 c - a +0 shield (worn)
Scrolls
 g - a scroll of remove curse
 i - a scroll of identify
Potions
 d - a potion of might
 e - a potion of brilliance {unknown}
 j - a potion of heal wounds {unknown}
 k - 2 potions of resistance {unknown}
 l - a potion of mutation {unknown}
Comestibles
 f - 2 rations
 h - 4 chunks of flesh


   Skills:
 * Level 5.4 Fighting
 - Level 2.0 Maces & Flails
 - Level 3.2 Armour
 - Level 3.2 Shields


You had 3 spell levels left.
You didn't know any spells.
Your spell library was empty.

Dungeon Overview and Level Annotations

Branches:
Dungeon (2/15)

Altars:
Fedhas
Yredelemnul

Annotations:
D:2 Natasha


Innate Abilities, Weirdness & Mutations

You are resistant to torment.
Your stone body is resilient. (AC +3)
You are immune to poison.
You resist negative energy. (rN+)
You are resistant to electric shocks. (rElec)
You can survive without breathing.
You are immune to petrification.
You are immune to rotting.


Message History

You closely miss Natasha.
Natasha is lightly wounded.
You block Natasha's attack. Natasha completely misses you.
You hit Natasha.
Natasha is moderately wounded.
You block Natasha's attack. Natasha barely misses you.
You closely miss Natasha.
Natasha is moderately wounded.
You block Natasha's attack. Natasha claws you but does no damage.
You closely miss Natasha.
Natasha is moderately wounded.
Natasha claws you.
* * * LOW HITPOINT WARNING * * *
Natasha barely misses you.
You barely miss Natasha.
Natasha is moderately wounded.
The crimson imp disappears in a puff of smoke!
A leopard gecko comes into view.
Natasha claws you but does no damage. Natasha claws you.
You die...

#.##.....# #.#[......
#.#....... #....._...
######.#.......
#......#.......
#######.###..##.....#
.........##..####.####
#########..##..@hg......
.....).(...##.###.K.#l..
########...##.# .......
#.(..##.# .#.....
#.(#....# .≈≈....
########..###### ≈≈ ....
................ _.. ##.
................ ≈≈.
###.############


You could see Natasha, a leopard gecko (wandering), a hobgoblin and a kobold.

Vanquished Creatures
  3 adders (D:2)
  An ooze (D:1)
  2 dart slugs (D:1)
  2 leopard geckos (D:1)
  2 ball pythons
  3 hobgoblins
  4 kobolds
  4 bats
  2 goblins (D:1)
  5 rats (D:1)
28 creatures vanquished.

Notes
Turn   | Place    | Note
-------+----------+-------------------------------------------
     0 | D:1      | ClockworkOrrery the Gargoyle Fighter began the quest for
                  | the Orb.
     0 | D:1      | Reached XP level 1. HP: 14/14 MP: 1/1
    16 | D:1      | Reached XP level 2. HP: 20/20 MP: 2/2
    55 | D:1      | Reached skill level 4 in Fighting
   556 | D:1      | Reached XP level 3. HP: 24/24 MP: 3/3
   774 | D:2      | Reached skill level 5 in Fighting
   846 | D:2      | Found a basalt altar of Yredelemnul.
   862 | D:2      | Reached XP level 4. HP: 29/31 MP: 4/4
   885 | D:2      | Found a blossoming altar of Fedhas.
   885 | D:2      | Noticed Natasha
   911 | D:2      | Slain by Natasha

Levels and vault maps discovered:
D:1:      sevenhm_arrival_forest_fort_small_4, layout_basic, serial_bayou_pond_e
D:2:      layout_basic, ashenzari_altar_1, fedhas_altar_2, old_standard_altar,
          grunt_dithmenos_smoke, uniq_robin, uniq_natasha

Skill      XL: |  1  2  3 |
---------------+----------+-----
Fighting       | 4 5 |  5.4
Maces & Flails | |  2.0
Armour         | |  3.2
Shields        | |  3.2

Action                   |  1- 3 |  4- 6 || total
-------------------------+-------+-------++-------
Melee: Flail             |   144 |    26 ||   170
  Use: Scroll            |     3 |       ||     3
Armor: Scale mail        |    89 |    18 ||   107
Dodge: Dodged            |    53 |    11 ||    64
Block: Shield            |    81 |    15 ||    96
